 Dungeon Crawl Stone Soup version 0.21.1-1-g345015f (webtiles) character file.

15848 Fang the Cleaver (level 12, -8/117 HPs)
             Began as a Gargoyle Berserker on June 12, 2018.
             Was a High Priest of Trog.
             Mangled by a six-headed hydra (13 damage)
             ... on level 1 of the Lair of Beasts.
             The game lasted 00:21:41 (17951 turns).

Fang the Cleaver (Gargoyle Berserker)              Turns: 17951, Time: 00:21:42

Health: -8/117     AC: 15    Str: 34    XL:     12   Next: 31%
Magic:  12/12      EV: 16    Int: 14    God:    Trog [*****.]
Gold:   648        SH:  0    Dex: 12    Spells: 11/11 levels left

rFire    + . .     SeeInvis .   M - +9 hand axe
rCold    . . .     Gourm    .   (no shield)
rNeg     + . .     Faith    .   m - +2 robe {rF+}
rPois    ∞         Spirit   .   f - +2 hat
rElec    +         Reflect  .   (no cloak)
rCorr    .         Harm     .   (no gloves)
MR       .....                  (no boots)
Stlth    ..........             (no amulet)
HPRegen  0.29/turn              w - +3 ring of dexterity
MPRegen  0.13/turn              h - +4 ring of strength

@: brilliant, berserking, very quick
A: negative energy resistance 1, electricity resistance, unbreathing,
petrification resistance, rot immunity, AC +8
a: Berserk, Trog's Hand, Brothers in Arms, Burn Spellbooks, Renounce Religion


You were on level 1 of the Lair of Beasts.
You worshipped Trog.
Trog was extremely pleased with you.
You were near starving.

You visited 3 branches of the dungeon, and saw 14 of its levels.
You also visited: Ossuary.

You collected 648 gold pieces.

Inventory:

Hand Weapons
 a - a +2 hand axe
 M - a +9 hand axe (weapon)
Missiles
 o - 16 javelins (quivered)
Armour
 f - a +2 hat (worn)
 m - a +2 robe of fire resistance (worn)
 s - a +2 robe of positive energy
Jewellery
 h - a +4 ring of strength (right hand)
 w - a +3 ring of dexterity (left hand)
Wands
 j - a wand of acid (20)
 t - a wand of flame (46)
 A - a wand of iceblast (10)
 C - a wand of polymorph (24)
 D - a wand of clouds (6)
 J - a wand of paralysis (11)
Scrolls
 d - a scroll of summoning
 e - 4 scrolls of teleportation
 g - a scroll of fear
 p - 3 scrolls of blinking
 v - 7 scrolls of remove curse
 y - a scroll of identify
 E - 2 scrolls of enchant armour
 I - a scroll of fog
Potions
 i - a potion of invisibility
 k - 4 potions of might
 n - 2 potions of lignification
 q - 2 potions of cancellation
 r - 2 potions of agility
 u - 2 potions of flight
 x - 3 potions of curing
 z - a potion of berserk rage
 F - a potion of magic
 G - a potion of resistance
 H - 2 potions of haste
 L - a potion of ambrosia
Books
 K - a Young Poisoner's Handbook

   Spells                             Type                      Level
   a - Sting                          Conjuration/Poison           1
   b - Poisonous Vapours              Poison/Air                   2
   c - Mephitic Cloud                 Conjuration/Poison/Air       3
   d - Olgreb's Toxic Radiance        Poison                       4
   e - Venom Bolt                     Conjuration/Poison           5
   Trog disapproves of the use of such an item.
Comestibles
 c - 22 rations


   Skills:
 + Level 10.4 Fighting
 + Level 12.5 Axes
 + Level 2.4 Armour
 + Level 8.2 Dodging
 + Level 6.8 Stealth


You had 11 spell levels left.
You didn't know any spells.

Dungeon Overview and Level Annotations

Branches:
Dungeon (12/15)            Temple (1/1) D:4            Lair (1/6) D:8
    Orc: D:9-12

Altars:
Ashenzari
Cheibriados
Dithmenos
Elyvilon
Fedhas
Gozag
Hepliaklqana
Kikubaaqudgha
Makhleb
Nemelex Xobeh
Okawaru
Qazlal
Ru
Sif Muna
Trog
Uskayaw
Vehumet
Wu Jian
Xom
Yredelemnul
Zin
The Shining One

Shops:
D:6 [

Annotations:
D:6 Blork the orc


Innate Abilities, Weirdness & Mutations

You are resistant to torment.
Your stone body is resilient. (AC +8)
You are immune to poison.
You resist negative energy. (rN+)
You are resistant to electric shocks. (rElec)
You can survive without breathing.
You are immune to petrification.
You are immune to rotting.


Message History

The six-headed hydra closely misses you.
The six-headed hydra bites you but does no damage.
The six-headed hydra completely misses you.
The six-headed hydra misses you.
The six-headed hydra bites you but does no damage. x2
Unknown command.
A red film seems to cover your vision as you go berserk!
You feel yourself moving faster!
You feel mighty!
You are near starving!
Your deep troll closely misses the komodo dragon.
Your deep troll claws the komodo dragon but does no damage. x2
The komodo dragon bites you!
* * * LOW HITPOINT WARNING * * *
The yak gores you!
* * * LOW HITPOINT WARNING * * *
The six-headed hydra bites you.
* * * LOW HITPOINT WARNING * * *
The six-headed hydra bites you but does no damage.
The six-headed hydra barely misses you. The six-headed hydra bites you!
You die...

#..# ####...#
####......#
###P..<.....#
###...........#
####.............# .
###.............####
....#.YT........#####
...H.††@....#####
.....TlD####.#
.......## ### .......
....... P##.... #....
###..


You could see a six-headed hydra, a komodo dragon, a hippogriff, a yak and 2
friendly deep trolls.

Vanquished Creatures
  Erolcha (D:11)
  An unseen horror (D:11)
  The ghost of Fang the Chopper, a novice GrBe of Trog (D:6)
  Psyche (D:9)
  A spiny frog (Lair:1)
  A komodo dragon (D:10)
  A queen bee (D:11)
  Grinder (D:3)
  A hornet (D:11)
  5 slime creatures
  6 hippogriffs
  A vampire (D:11)
  Sigmund (D:3)
  Grum (D:9)
  16 yaks
  A hungry ghost (D:11)
  Menkaure (D:5)
  2 hell hounds (D:8)
  A sky beast (D:11)
  An ice beast (D:6)
  A black bear (D:10)
  3 orc warriors
  The ghost of Tolbby the Charmwright, an amateur DrSk (D:3)
  6 phantoms
  6 ogres
  2 wolves (D:9)
  A big kobold (D:8)
  8 centaurs
  8 bullfrogs
  4 scorpions
  23 killer bees (D:11)
  8 wights
  3 howler monkeys
  2 crimson imps
  A bullfrog zombie (D:5)
  A quasit (D:9)
  5 orc priests
  A centaur zombie (D:7)
  5 hounds
  3 bullfrog skeletons
  6 jellies
  7 orc wizards
  3 centaur skeletons
  6 iguanas
  8 worker ants
  A big kobold zombie (Ossuary)
  A hound zombie (D:7)
  3 hound skeletons
  3 mummies (Ossuary)
  2 worker ant zombies
  2 howler monkey skeletons
  6 adders
  6 gnolls
  3 shadow imps
  6 oozes
  2 adder zombies
  3 worms
  5 dart slugs
  9 leopard geckos
  23 orcs
  2 ball pythons
  9 giant cockroaches
  2 gnoll zombies (D:5)
  11 goblins
  7 hobgoblins
  14 jackals
  8 quokkas
  13 bats
  8 frilled lizards
  2 goblin zombies (Ossuary)
  4 hobgoblin zombies (Ossuary)
  2 jackal zombies
  20 kobolds
  4 kobold zombies (Ossuary)
  An orc zombie (Ossuary)
  A quokka skeleton (D:4)
  3 quokka zombies (Ossuary)
  11 rats
  2 rat zombies (Ossuary)
366 creatures vanquished.

Vanquished Creatures (collateral kills)
  The ghost of frimble the Basher, a novice GrFi of Okawaru (D:8)
  3 yaks (Lair:1)
  A crimson imp (D:9)
5 creatures vanquished.

Grand Total: 371 creatures vanquished

Notes
Turn   | Place    | Note
-------+----------+-------------------------------------------
     0 | D:1      | Fang the Gargoyle Berserker began the quest for the Orb.
     0 | D:1      | Reached XP level 1. HP: 14/14 MP: 1/1
   261 | D:1      | Reached XP level 2. HP: 19/19 MP: 2/2
   301 | D:1      | Reached skill level 3 in Axes
   405 | D:1      | Reached XP level 3. HP: 19/24 MP: 3/3
  1300 | D:2      | Reached ** piety under Trog
  1391 | D:2      | Reached XP level 4. HP: 24/29 MP: 4/4
  2155 | D:2      | Found a stormy altar of Qazlal.
  2155 | D:2      | Found a sparkling altar of Nemelex Xobeh.
  2155 | D:2      | Found a snail-covered altar of Cheibriados.
  2281 | D:2      | Found a burning altar of Makhleb.
  2530 | D:3      | Noticed an ogre
  2540 | D:3      | Killed an ogre
  2540 | D:3      | Reached skill level 4 in Axes
  2540 | D:3      | Reached skill level 1 in Stealth
  2540 | D:3      | Reached XP level 5. HP: 8/34 MP: 5/5
  2609 | D:3      | Noticed Tolbby's ghost (amateur DrSk)
  2637 | D:3      | Killed Tolbby's ghost
  2637 | D:3      | Reached *** piety under Trog
  2637 | D:3      | Reached XP level 6. HP: 21/39 MP: 6/6
  3015 | D:3      | Noticed Sigmund
  3026 | D:3      | Killed Sigmund
  3026 | D:3      | Reached XP level 7. HP: 44/44 MP: 7/7
  3100 | D:3      | Reached skill level 5 in Axes
  3185 | D:3      | Noticed Grinder
  3202 | D:3      | Paralysed by Grinder for 3 turns
  3209 | D:3      | Killed Grinder
  3209 | D:3      | Reached skill level 5 in Fighting
  3733 | D:4      | Found a shimmering altar of Xom.
  4135 | D:4      | Found a staircase to the Ecumenical Temple.
  4143 | D:4      | Reached XP level 8. HP: 49/49 MP: 8/8
  4253 | Temple   | Entered the Ecumenical Temple
  4398 | D:4      | Reached skill level 6 in Axes
  4782 | D:5      | Entered Level 5 of the Dungeon
  4847 | D:5      | Reached **** piety under Trog
  5147 | D:5      | Found a basalt altar of Yredelemnul.
  5606 | D:5      | Noticed Menkaure
  5611 | D:5      | Killed Menkaure
  5733 | D:5      | Reached skill level 7 in Axes
  6589 | D:6      | Reached XP level 9. HP: 28/55 MP: 9/9
  6818 | D:6      | Reached skill level 5 in Dodging
  6831 | D:6      | Noticed Fang's ghost (novice GrBe)
  6869 | D:6      | Killed Fang's ghost
  6869 | D:6      | Reached skill level 8 in Axes
  7595 | D:6      | Found Kex Kog's Antique Armour Shoppe.
  8200 | D:6      | Noticed Blork the orc
  8213 | D:6      | Found a deep blue altar of Sif Muna.
  8444 | D:6      | Found a radiant altar of Vehumet.
  8592 | D:7      | Reached skill level 9 in Axes
  8607 | D:7      | Found a sand-covered staircase.
  8875 | Ossuary  | Entered an ossuary
  8904 | Ossuary  | Reached ***** piety under Trog
  9082 | D:7      | Found a hazy altar of Hepliaklqana.
  9365 | D:7      | Found a white marble altar of Elyvilon.
  9446 | D:7      | Reached XP level 10. HP: 63/63 MP: 10/10
  9591 | D:7      | Reached skill level 5 in Stealth
  9839 | D:7      | Reached skill level 10 in Axes
 10615 | D:8      | Found a staircase to the Lair.
 10909 | D:8      | Noticed frimble's ghost (novice GrFi)
 11970 | D:8      | Killed frimble's ghost
 12558 | D:8      | Found a hide-covered altar of Uskayaw.
 13215 | D:9      | Noticed Grum
 13230 | D:9      | Killed Grum
 13448 | D:9      | Noticed Psyche
 13453 | D:9      | Reached skill level 11 in Axes
 13453 | D:9      | Reached XP level 11. HP: 69/69 MP: 11/11
 13457 | D:9      | Killed Psyche
 13724 | D:9      | Received a gift from Trog
 13854 | D:10     | Entered Level 10 of the Dungeon
 13997 | D:10     | HP: 2/103 [komodo dragon (15)]
 15945 | D:11     | Noticed Erolcha
 15954 | D:11     | Killed Erolcha
 15954 | D:11     | Reached skill level 12 in Axes
 16680 | D:11     | Reached XP level 12. HP: 54/77 MP: 12/12
 16734 | D:11     | HP: 1/77 [something (8)]
 16986 | D:11     | Reached skill level 10 in Fighting
 17851 | Lair:1   | Entered Level 1 of the Lair of Beasts
 17939 | Lair:1   | Noticed a six-headed hydra
 17951 | Lair:1   | HP: 5/117 [six-headed hydra (2)]
 17951 | Lair:1   | Mangled by a six-headed hydra

Skill      XL: |  1  2  3  4  5  6  7  8  9 10 11 12 |
---------------+-------------------------------------+-----
Axes           | 3 4 5 7 9 11 12 | 12.5
Dodging        | 2 3 4 5 6 7 8 |  8.2
Fighting       | 4 5 6 7 8 9 10 | 10.4
Stealth        | 1 3 4 5 6 |  6.8
Armour         | |  2.4

Action                   |  1- 3 |  4- 6 |  7- 9 | 10-12 || total
-------------------------+-------+-------+-------+-------++-------
Melee: Hand axe          |   104 |   178 |   540 |   701 ||  1523
Invok: Berserk           |       |     4 |     8 |    18 ||    30
       Brothers in Arms  |       |       |       |     5 ||     5
  Use: Scroll            |       |       |       |    32 ||    32
       Potion            |       |       |       |     5 ||     5
 Stab: Sleeping          |     1 |       |    11 |    13 ||    25
  Eat: Chunk             |     2 |     7 |    22 |    16 ||    47
       Ration            |       |       |     2 |     9 ||    11
Armor: Animal skin       |    34 |    78 |       |       ||   112
       Robe              |       |       |   129 |   271 ||   400
Dodge: Dodged            |    67 |   154 |   319 |   441 ||   981
